 Dungeon Crawl Stone Soup version 0.27.1-34-g3ba077fa99 (webtiles) character file.

Game seed: 4961414259912414610

1841 cbfl8 the Protected (level 8, -2/71 HPs)
             Began as a Minotaur Fighter on Jan 25, 2022.
             Slain by a yak (9 damage)
             ... on level 7 of the Dungeon.
             The game lasted 00:15:29 (6602 turns).

cbfl8 the Protected (Minotaur Fighter)              Turns: 6602, Time: 00:15:30

Health: -2/71      AC: 12    Str: 23 (24) XL:     8   Next: 87%
Magic:  7/7        EV:  7    Int:  3 (5)  God:
Gold:   426        SH: 10    Dex:  8 (9)  Spells: 7/7 levels left

rFire    . . .     SeeInvis .   p - +4 flail (vorpal)
rCold    . . .     Faith    .   c - +0 kite shield
rNeg     . . .     Spirit   .   v - +0 chain mail
rPois    +         Reflect  .   (helmet restricted)
rElec    .         Harm     .   (no cloak)
rCorr    .         Rampage  .   (no gloves)
Will     .....                  o - +0 pair of boots
Stlth    ..........             u - amulet of regeneration
HPRegen  1.21/turn              t - ring of poison resistance
MPRegen  0.10/turn              (no ring)

@: hasted, very quick
A: horns 2, retaliatory headbutt
a: no special abilities


You were on level 7 of the Dungeon.
You visited 1 branch of the dungeon, and saw 7 of its levels.
You also visited: Bailey.

You collected 426 gold pieces.

Inventory:

Hand Weapons
 a - a +0 war axe
 g - a +1 dagger of venom
 m - a +2 trident of protection
 n - a +2 short sword of draining
 p - a +4 vorpal flail (weapon)
 s - a +2 flail of protection
 J - a +0 fustibalus
Missiles
 e - 193 stones (quivered)
 i - 111 arrows
 q - 4 silver boomerangs
Armour
 b - a +0 scale mail
 c - a +0 kite shield (worn)
 o - a +0 pair of boots (worn)
 v - a +0 chain mail (worn)
 B - a +0 pair of boots
Jewellery
 t - a ring of poison resistance (left hand)
 u - an amulet of regeneration (around neck)
Wands
 r - a wand of iceblast (7)
 F - a wand of acid (10)
Scrolls
 h - a scroll of vulnerability
 j - a scroll of amnesia
 k - a scroll of noise
 w - 3 scrolls of identify
 x - 2 scrolls of teleportation
Potions
 d - a potion of attraction {unknown}
 f - a potion of mutation {unknown}
 z - a potion of curing {unknown}
 A - a potion of lignification {unknown}
 D - a potion of heal wounds {unknown}
 E - a potion of haste
 G - a potion of brilliance {unknown}
 H - a potion of cancellation {unknown}
 I - a potion of berserk rage {unknown}


   Skills:
 + Level 6.4 Fighting
 + Level 1.4 Short Blades
 + Level 2.8(5.0) Axes
 + Level 6.3(6.6) Maces & Flails
 + Level 1.1(2.1) Polearms
 + Level 0.9 Slings
 + Level 8.2 Armour
 + Level 2.7 Dodging
 + Level 1.0 Stealth
 + Level 7.2 Shields


You had 7 spell levels left.
You didn't know any spells.
Your spell library contained the following spells:

 Spells                   Type           Power      Damage    Failure   Level
 Animate Skeleton         Necr           0%         N/A       100%        1
 Pain                     Necr           0%         1d4       100%        1
 Call Canine Familiar     Summ           0%         N/A       100%        3
 Gell's Gravitas          Tloc           0%         N/A       100%        3
 Ignite Poison            Fire/Tmut/Pois 0%         N/A       100%        3
 Mephitic Cloud           Conj/Pois/Air  0%         N/A       100%        3
 Portal Projectile        Hex/Tloc       0%         N/A       100%        3
 Teleport Other           Tloc           0%         N/A       100%        3
 Tukima's Dance           Hex            0%         N/A       100%        3
 Vampiric Draining        Necr           0%         2d6       100%        3
 Leda's Liquefaction      Hex/Erth       0%         N/A       100%        4
 Passage of Golubria      Tloc           N/A        N/A       100%        4
 Blade Hands              Tmut           0%         N/A       100%        5
 Bolt of Magma            Conj/Fire/Erth 0%         4d4       100%        5
 Excruciating Wounds      Necr           0%         N/A       100%        5
 Yara's Violent Unravell  Hex/Tmut       0%         3d3       100%        5
 Dispersal                Tloc           0%         N/A       100%        6


Dungeon Overview and Level Annotations

Branches:
Dungeon (7/15)             Temple (0/1) D:7          Bailey (visited)

Altars:
Ashenzari
Dithmenos
Makhleb
Sif Muna
Trog
Uskayaw
Wu Jian
Zin

Shops:
D:6 (

Annotations:
D:4 3 runed translucent doors, zeram's ghost, novice HOFi


Innate Abilities, Weirdness & Mutations

You have a pair of horns on your head.
You reflexively headbutt those who attack you in melee.


Message History

The yak bellows! x2
You block the yak's attack.
You sock the yak!
The yak is moderately wounded.
The yak gores you!
You hit the yak.
The yak is moderately wounded.
You block the yak's attack.
You hit the yak.
The yak is heavily wounded.
The yak gores you but does no damage.
You barely miss the yak. Your headbutt misses the yak.
The yak is heavily wounded.
The yak gores you but does no damage. x2; The yak gores you.
You sock the yak!
The yak is almost dead.
You block the yak's attack. The yak gores you!
The yak gores you but does no damage. The yak barely misses you.
The yak gores you!
You hit the yak.
The yak is almost dead.
The yak barely misses you. You block the yak's attack. x2
You thump the yak!
You kill the yak!
The yak gores you! x2; The yak gores you.
The yak barely misses you. You furiously retaliate!
You headbutt the yak, but do no damage. The yak gores you.
You sock the yak!
The yak is moderately wounded.
You block the yak's attack. The yak gores you.
* * * LOW HITPOINT WARNING * * *
It was a potion of degeneration.
There was something very wrong with that liquid.
You feel weakened.
You feel dopey.
You feel clumsy. The yak gores you!
* * * LOW HITPOINT WARNING * * *
The yak gores you.
* * * LOW HITPOINT WARNING * * *
It was a potion of haste.
You feel yourself speed up. The yak gores you!
You die...

#.........# *,**.#
#.........###.**.#
###.##........,*.#
#.##.#########.####** ###
#.##.##.##........#,* ..#
#.##.....'........+,* #.#
#.##....##........#,* #.#
#.##....####.Y.#..#,* ..#
#[#.....# #@Y.#,.#,* ≈.#
#.####..##*#...#,,*,* ≈§#
#.........,....#,,*,* §≈#
##.............#***,*
≈§####.#####.../...+,**,*
≈......# *.......#,**,*
.......# ##+###..#,**,*
.......# *,* *#.#,**,*
#......# *,* *,*,**,*****


You could see 2 yaks.

Vanquished Creatures
  A yak (D:7)
  Menkaure (D:5)
  A necrophage (D:6)
  2 ogres (D:7)
  A centaur (D:5)
  2 phantoms
  2 bullfrogs (D:7)
  2 scorpions (D:5)
  A water moccasin skeleton (D:5)
  A howler monkey (D:6)
  A centaur zombie (D:6)
  3 hounds
  2 bullfrog skeletons (D:5)
  3 centaur skeletons
  5 orc wizards
  3 iguanas
  A howler monkey zombie (D:7)
  A howler monkey skeleton (D:7)
  2 adders
  7 gnolls (D:4)
  2 shadow imps (D:6)
  A worm (D:2)
  2 dart slugs
  17 orcs
  7 endoplasms
  6 giant cockroaches
  13 goblins
  7 hobgoblins
  4 jackals (D:3)
  2 quokkas (D:1)
  6 ball pythons
  3 bats
  5 frilled lizards
  6 kobolds
  7 rats
130 creatures vanquished.

Vanquished Creatures (collateral kills)
  An ogre (D:7)
1 creature vanquished.

Vanquished Creatures (others)
  A fungus (D:1)
  A plant (D:1)
2 creatures vanquished.

Grand Total: 133 creatures vanquished

Notes
Turn   | Place    | Note
-------+----------+-------------------------------------------
     0 | D:1      | cbfl8 the Minotaur Fighter began the quest for the Orb.
     0 | D:1      | Reached XP level 1. HP: 19/19 MP: 0/0
   142 | D:1      | Reached XP level 2. HP: 27/27 MP: 1/1
   184 | D:1      | Found a faded altar of an unknown god.
   193 | D:1      | Reached skill level 4 in Armour
  1143 | D:2      | Reached XP level 3. HP: 32/33 MP: 2/2
  2151 | D:3      | Reached XP level 4. HP: 17/39 MP: 3/3
  2517 | D:3      | Reached skill level 1 in Short Blades
  2536 | D:2      | Reached skill level 1 in Dodging
  2972 | D:3      | Reached XP level 5. HP: 42/47 MP: 4/4
  3076 | D:3      | Found a shimmering blue altar of Sif Muna.
  3083 | D:3      | Reached skill level 5 in Shields
  3090 | D:3      | Reached skill level 5 in Armour
  3357 | D:4      | Found a runed translucent gate.
  3357 | D:4      | Found a runed translucent gate.
  3357 | D:4      | Found a runed translucent gate.
  3461 | D:4      | Found a shadowy altar of Dithmenos.
  3827 | D:4      | Noticed zeram's ghost (novice HOFi)
  3870 | D:4      | Found a bloodstained altar of Trog.
  3885 | D:4      | Reached skill level 1 in Polearms
  3888 | D:4      | HP: 2/47 [gnoll (6)]
  3946 | D:4      | Noticed a phantom
  3955 | D:4      | Killed a phantom
  3956 | D:4      | Reached skill level 1 in Maces & Flails
  3956 | D:4      | Reached XP level 6. HP: 55/55 MP: 5/5
  3993 | D:4      | Found a broken altar of Ashenzari.
  3995 | D:4      | Found a burning altar of Makhleb.
  4247 | D:4      | Reached skill level 5 in Fighting
  4669 | D:5      | Entered Level 5 of the Dungeon
  4669 | D:5      | Noticed Menkaure
  4676 | D:5      | Killed Menkaure
  4677 | D:5      | Reached skill level 6 in Armour
  4680 | D:5      | Reached XP level 7. HP: 51/61 MP: 6/6
  5266 | D:6      | Found Arionlooth's Antique Weapon Emporium.
  5348 | D:6      | Reached skill level 7 in Armour
  5348 | D:6      | Reached XP level 8. HP: 70/70 MP: 7/7
  5388 | D:6      | Found a hide-covered altar of Uskayaw.
  5911 | D:6      | Found an ornate altar of the Wu Jian Council.
  6172 | D:7      | Reached skill level 5 in Maces & Flails
  6193 | D:7      | Found a glowing silver altar of Zin.
  6337 | D:7      | Found a staircase to the Ecumenical Temple.
  6432 | D:7      | Found a flagged portal.
  6440 | D:7      | Reached skill level 8 in Armour
  6440 | D:7      | Reached skill level 1 in Stealth
  6458 | Bailey   | Entered a bailey
  6602 | D:7      | Slain by a yak

Illustrated notes

Levels and vault maps discovered:
D:1:      minmay_arrival_cross, layout_basic,
          shapermc_ecumenical_altar_acropolis
D:2:      layout_loops_corners
D:3:      layout_basic, kennysheep_orc_sif_temple
D:4:      layout_layer_cave, amcnicky_altar_gilded,
          mainiacjoe_overflow_tiny_flanked, nicolae_overflow_hidden_temple,
          gammafunk_ghost_split
D:5:      layout_rooms, uniq_menkaure
D:6:      layout_basic, lemuel_doored_altar, nzn_wu_jian_council_hall,
          serial_shops, shop
D:7:      layout_basic, mainiacjoe_overflow_small_starburst,
          minmay_temple_entry_mist, enter_bailey_5, kennysheep_small_spiral

Skill      XL: |  1  2  3  4  5  6  7  8 |
---------------+-------------------------+-----
Shields        | 4 5 6 7 |  7.2
Armour         | 4 5 6 7 8 |  8.2
Fighting       | 4 5 6 |  6.4
Short Blades   | 1 |  1.4
Dodging        | 1 2 |  2.7
Polearms       | 1 |  1.1
Maces & Flails | 1 2 4 6 |  6.3
Stealth        | 1 |  1.0
Axes           | |  2.8
Slings         | |  0.9

Action                   |  1- 3 |  4- 6 |  7- 9 || total
-------------------------+-------+-------+-------++-------
Melee: War axe           |    35 |       |       ||    35
       Headbutt          |    15 |    18 |    22 ||    55
       Dagger            |    65 |       |       ||    65
       Trident           |     1 |    36 |       ||    37
       Flail             |       |    73 |   121 ||   194
 Fire: Fustibalus        |       |       |    11 ||    11
  Use: Potion            |       |     1 |     3 ||     4
       Scroll            |       |     4 |     4 ||     8
Armor: Scale mail        |    57 |    39 |       ||    96
       Chain mail        |       |    41 |    80 ||   121
Dodge: Dodged            |    34 |    43 |    43 ||   120
Block: Kite shield       |    60 |    94 |    93 ||   247
